Map: Nightshade LE

Players

DisK - Winner!

  • Race: Protoss Protoss
  • League: Master
  • Spawn Location: 5:00

llllllllllll

  • Race: Terran Terran
  • League: Master
  • Spawn Location: 11:00

VOD

Have the link to the VOD?

Description

Time

  • Played on: Jan. 15, 2020, 5:36 p.m.
  • Length: 17:25
Show
View Real Time Build Order
Export as new Build Order

DisK Protoss - Winner!

Build Orders: 1 Gate Expand, Blink Stalkers 

Get SALT Encoding   

  12  0:01  Probe  
  13  0:13  Probe  
  14  0:17  Pylon  
  14  0:25  Probe  
  15  0:36  Gateway  
  15  0:37  Probe (Chrono Boost)  
  16  0:47  Assimilator, Probe (Chrono Boost)  
  17  0:52  Probe (Chrono Boost)  
  18  1:03  Probe  
  19  1:15  Probe  
  20  1:24  Cybernetics Core  
  20  1:34  Nexus  
  20  1:40  Pylon  
  20  1:43  Probe  
  21  1:53  Assimilator  
  21  1:56  Probe  
  21  1:57  Adept (Chrono Boost)  
  24  2:03  Warp Gate  
  24  2:08  Probe  
  25  2:20  Probe, Adept  
  27  2:32  Probe  
  27  2:33  Twilight Council  
  28  2:44  Probe (Chrono Boost)  
  28  2:49  Probe (Chrono Boost)  
  30  2:51  Stalker  
  30  2:57  Probe (Chrono Boost)  
  33  3:02  Gateway  
  33  3:03  Probe (Chrono Boost)  
  33  3:04  Probe (Chrono Boost)  
  35  3:13  Gateway  
  33  3:22  Blink (Chrono Boost)  
  33  3:25  Probe x2  
  35  3:35  Shield Battery  
  35  3:38  Probe x2  
  37  3:44  Robotics Facility  
  37  3:50  Probe  
  37  3:55  Stalker  
  40  3:58  Stalker  
  40  4:00  Probe  
  40  4:02  Probe  
  44  4:07  Pylon  
  44  4:11  Pylon  
  44  4:15  Probe  
  44  4:17  Assimilator  
  45  4:29  Stalker x2  
  49  4:32  Observer  
  50  4:38  Nexus  
  50  4:40  Pylon  
  50  4:48  Probe x2  
  49  5:00  Probe x2  
  49  5:12  Probe x2  
  49  5:13  Observer  
  52  5:16  Observer  
  52  5:22  Charge  
  52  5:24  Probe x2, Forge  
  52  5:26  Gateway x2  
  54  5:32  Sentry x2  
  58  5:36  Probe x2  
  60  5:48  Probe x2 (Chrono Boost)  
  56  5:58  Protoss Ground Armor Level 1 (Chrono Boost)  
  56  6:00  Probe x2 (Chrono Boost)  
  56  6:02  Probe (Chrono Boost)  
  59  6:05  Immortal (Chrono Boost)  
  59  6:09  Probe x2 (Chrono Boost)  
  66  6:11  Probe (Chrono Boost)  
  66  6:14  Probe x2  
  66  6:16  Zealot x2  
  72  6:21  Probe, Sentry  
  75  6:32  Pylon  
  75  6:33  Probe  
  75  6:35  Probe  
  75  6:37  Probe  
  78  6:42  Zealot x3  
  78  6:46  Probe  
  85  6:50  Observer, Pylon  
  85  6:51  Immortal  
  89  6:54  Pylon  
  89  6:57  Probe x2  
  91  7:03  Forge  
  91  7:06  Pylon, Probe  
  92  7:09  Probe x2  
  94  7:21  Nexus  
  94  7:23  Pylon  
  94  7:25  Assimilator  
  94  7:26  Assimilator, Probe  
  94  7:27  Probe  
  94  7:28  Probe  
  94  7:29  Robotics Bay, Protoss Ground Weapons Level 1 (Chrono Boost)  
  97  7:33  Assimilator  
  97  7:39  Probe  
  97  7:40  Probe x2  
  100  7:46  Robotics Facility  
  100  7:47  Pylon  
  100  7:48  Pylon  
  98  7:59  Protoss Ground Armor Level 2 (Chrono Boost)  
  98  8:00  Probe x2  
  98  8:01  Probe  
  101  8:13  Gateway  
  101  8:14  Gateway  
  101  8:15  Gateway  
  101  8:16  Disruptor, Probe x3  
  101  8:17  Pylon  
  101  8:18  Stalker x2  
  111  8:22  Zealot x2  
  111  8:23  Zealot  
  117  8:28  Probe x2  
  117  8:30  Pylon  
  117  8:34  Photon Cannon  
  119  8:37  Observer  
  119  8:38  Probe x2  
  119  8:40  Probe  
  122  8:43  Gravitic Boosters, Disruptor  
  122  8:47  Probe  
  126  8:50  Probe x2  
  126  8:51  Pylon  
  128  9:03  Disruptor  
  128  9:07  Photon Cannon  
  128  9:08  Photon Cannon  
  128  9:09  Photon Cannon  
  131  9:11  Assimilator  
  131  9:12  Assimilator  
  131  9:13  Probe x3  
  134  9:18  Disruptor  
  134  9:23  Zealot x2  
  141  9:29  Zealot  
  141  9:30  Zealot x2  
  147  9:32  Observer  
  147  9:35  Photon Cannon  
  147  9:39  Protoss Ground Weapons Level 2 (Chrono Boost)  
  147  9:50  Templar Archives  
  146  9:54  Zealot x3  
  146  9:55  Zealot x5  
  161  10:16  Zealot x8  
  161  10:20  Immortal  
  179  10:27  Immortal  
  161  10:39  Pylon  
  161  10:41  High Templar x5  
  161  10:42  High Templar x3  
  171  10:46  Archon x2  
  171  10:47  Archon x2  
  134  11:09  Immortal x2  
  136  11:14  Zealot x2  
  136  11:15  Zealot x6  
  136  11:16  Gateway x2  
  150  11:32  Nexus  
  138  11:35  Zealot  
  138  11:36  Zealot x5  
  138  11:37  Zealot x2  
  108  11:58  Probe x4 (Chrono Boost)  
  108  11:59  High Templar x3  
  108  12:00  High Templar x5  
  108  12:01  Protoss Ground Weapons Level 3 (Chrono Boost), Protoss Ground Armor Level 3 (Chrono Boost)  
  126  12:03  Disruptor x2  
  133  12:09  Archon  
  133  12:10  Archon x3, Probe x3 (Chrono Boost)  
  133  12:11  Probe (Chrono Boost)  
  136  12:16  Probe (Chrono Boost)  
  136  12:18  Stargate  
  136  12:19  Stargate  
  134  12:23  Pylon  
  134  12:25  Pylon  
  134  12:26  Stalker x2  
  130  12:37  Zealot  
  130  12:38  Zealot x3  
  130  12:39  Zealot x3, Probe (Chrono Boost)  
  130  12:40  Probe (Chrono Boost)  
  130  12:41  Probe x2 (Chrono Boost)  
  130  12:44  Disruptor  
  143  12:50  Probe x3 (Chrono Boost)  
  150  12:51  Probe (Chrono Boost)  
  150  12:58  Observer, Probe x3  
  151  13:00  Probe  
  153  13:09  High Templar x4  
  153  13:10  Oracle (Chrono Boost)  
  161  13:14  Archon x2  
  164  13:25  Probe x4  
  168  13:27  Zealot  
  168  13:28  Zealot x4, Pylon  
  168  13:32  Fleet Beacon  
  178  13:37  Probe  
  179  13:45  Zealot x2  
  179  13:46  Zealot  
  179  13:51  Probe x5  
  179  13:53  Assimilator  
  179  13:54  Assimilator  
  184  13:55  Disruptor x2 (Chrono Boost)  
  190  14:03  Probe  
  191  14:17  Tempest  
  191  14:19  Stargate  
  191  14:20  Stargate  
  191  14:22  Protoss Air Weapons Level 1 (Chrono Boost)  
  196  14:35  Photon Cannon  
  196  14:36  Photon Cannon  
  196  14:37  Nexus  
  196  14:39  Photon Cannon  
  196  14:40  Pylon  
  196  14:43  Assimilator  
  196  14:47  Assimilator  
  196  15:07  Zealot x2  
  198  15:26  Tempest (Chrono Boost)  
  198  15:27  Tempest x2 (Chrono Boost)  
  160  15:34  Zealot x7  
  160  15:35  Zealot x3  
  190  15:36  Tempest (Chrono Boost)  
  187  15:50  Disruptor x2  
  193  15:57  Zealot x3  
  193  16:03  Zealot  
  196  16:18  Zealot x6  
  163  16:19  Zealot x2  
  163  16:23  Carrier x4 (Chrono Boost)  
  191  16:39  Stalker x4  
  199  16:40  Nexus  
  199  16:41  Pylon  
  199  17:01  Dark Shrine  
Show
View Real Time Build Order
Export as new Build Order

llllllllllll Terran 

Build Orders: Gas First Reaper Expand, Mech, Banshee Rush 

Get SALT Encoding   

  12  0:00  SCV  
  13  0:12  SCV  
  14  0:17  Supply Depot  
  14  0:25  SCV  
  14  0:27  Refinery  
  15  0:38  SCV  
  16  0:44  Barracks  
  16  0:50  SCV  
  17  1:02  SCV  
  18  1:14  SCV  
  19  1:31  Reaper  
  19  1:32  Orbital Command  
  20  1:46  Command Center  
  20  1:58  Factory  
  20  2:02  SCV  
  20  2:05  Barracks Reactor  
  21  2:09  Refinery  
  21  2:14  SCV  
  22  2:20  Supply Depot  
  22  2:27  SCV  
  23  2:41  SCV  
  23  2:42  Starport  
  24  2:50  Hellion x2  
  28  2:52  Barracks Tech Lab  
  28  2:54  SCV  
  28  2:59  Supply Depot  
  28  3:09  SCV  
  29  3:21  SCV  
  29  3:26  Orbital Command  
  30  3:28  Factory Tech Lab  
  30  3:30  Cloaking Field  
  30  3:31  Banshee  
  33  3:34  Marine  
  33  3:37  SCV  
  33  3:39  Marine  
  36  3:49  SCV  
  36  3:52  Siege Tank  
  36  3:54  SCV  
  41  3:56  Supply Depot  
  41  4:01  Marine x2  
  43  4:03  SCV  
  43  4:06  SCV  
  45  4:14  Banshee  
  45  4:16  SCV  
  49  4:17  Supply Depot  
  49  4:19  Marine  
  49  4:21  Marine  
  51  4:25  SCV  
  51  4:31  Supply Depot, Siege Tank  
  52  4:33  SCV  
  52  4:38  SCV  
  57  4:45  SCV  
  57  4:50  SCV  
  54  4:57  SCV  
  55  5:00  Command Center  
  55  5:02  SCV  
  55  5:03  Marine x2  
  55  5:08  Refinery  
  55  5:09  SCV  
  55  5:10  Refinery  
  55  5:11  Raven  
  58  5:14  SCV  
  60  5:21  SCV  
  60  5:22  Supply Depot x2  
  60  5:26  SCV  
  61  5:29  Marine x2  
  61  5:30  Siege Tank  
  61  5:33  SCV  
  67  5:38  SCV  
  68  5:45  SCV  
  68  5:47  Marine x2  
  71  5:50  SCV  
  69  5:57  SCV  
  69  6:03  Factory x2  
  70  6:06  Marine x2  
  70  6:07  Siege Tank  
  70  6:09  SCV x2  
  77  6:16  Supply Depot  
  77  6:17  Supply Depot  
  77  6:26  SCV x2  
  77  6:27  Factory  
  77  6:28  Factory  
  79  6:34  Orbital Command  
  79  6:38  Starport Reactor  
  79  6:39  SCV x2  
  81  6:43  Supply Depot  
  81  6:45  Engineering Bay  
  81  6:46  Siege Tank  
  84  6:51  SCV  
  84  6:53  Supply Depot  
  85  6:55  SCV  
  85  6:56  Infernal Pre-Igniter  
  85  6:57  Barracks Tech Lab  
  85  7:00  SCV  
  87  7:03  SCV  
  87  7:04  Refinery  
  87  7:06  Refinery, Siege Tank  
  87  7:07  SCV, Hellion x2  
  96  7:12  SCV  
  97  7:15  SCV  
  97  7:21  Armory x2  
  97  7:22  SCV  
  99  7:24  SCV  
  99  7:26  Hellion x2  
  99  7:28  SCV  
  99  7:29  Hi-Sec Auto Tracking, Missile Turret  
  105  7:31  Missile Turret  
  105  7:32  Missile Turret  
  105  7:34  SCV  
  105  7:35  Missile Turret  
  106  7:39  SCV  
  106  7:40  SCV  
  106  7:42  Siege Tank  
  111  7:46  SCV  
  111  7:47  Siege Tank  
  111  7:48  Hellion x2  
  111  7:51  SCV  
  120  7:53  SCV  
  119  7:59  SCV  
  119  8:02  Siege Tank  
  119  8:03  SCV, Hellion x2  
  119  8:04  Missile Turret  
  128  8:10  Terran Vehicle Weapons Level 1, Terran Vehicle And Ship Armor Level 1  
  128  8:13  SCV  
  128  8:17  Command Center  
  129  8:20  Supply Depot  
  129  8:21  Supply Depot  
  129  8:22  Supply Depot  
  129  8:30  Smart Servos, Factory x2  
  129  8:32  Factory  
  129  8:36  Missile Turret  
  129  8:38  Hellion, Siege Tank  
  129  8:40  Starport Reactor  
  134  8:47  Hellion x3  
  134  8:48  Hellion  
  142  8:52  Siege Tank  
  145  9:00  Hellion  
  147  9:07  Supply Depot  
  147  9:08  Hellion x2  
  147  9:09  Hellion, Supply Depot x2, Siege Tank  
  156  9:12  Siege Tank  
  159  9:22  Hellion  
  159  9:24  Siege Tank, Factory Tech Lab x2, Factory Reactor  
  160  9:41  Sensor Tower  
  160  9:42  Supply Depot  
  160  9:43  Supply Depot  
  160  9:46  Siege Tank x2  
  160  9:47  Hellion x2  
  160  9:49  SCV x3  
  160  9:50  Planetary Fortress  
  173  9:57  Neosteel Armor  
  173  10:00  Refinery  
  173  10:01  Refinery  
  161  10:18  Hellion x2, Siege Tank x2  
  168  10:30  Hellion, Siege Tank x2  
  168  10:31  Hellion  
  168  10:32  Hellion x3  
  184  10:39  Hellion x2  
  188  10:50  Hellion, Siege Tank  
  188  10:52  Hellion x2  
  188  10:53  Siege Tank, Hellion  
  195  10:59  Hellion  
  195  11:01  Hellion x2  
  195  11:02  Siege Tank x2  
  169  11:09  SCV x2  
  166  11:11  Siege Tank  
  166  11:12  Terran Vehicle Weapons Level 2  
  166  11:13  Hellion, Terran Vehicle And Ship Armor Level 2  
  171  11:23  Hellion x2, Siege Tank  
  175  11:29  Siege Tank  
  175  11:30  Hellion x2  
  180  11:39  Hellion x2, Siege Tank x2  
  188  11:44  Hellion x2, Siege Tank  
  182  11:53  Hellion  
  182  11:54  Hellion  
  157  11:55  Siege Tank  
  157  12:01  Hellion x2  
  146  12:02  Siege Tank  
  146  12:03  Mag-Field Accelerator, Drilling Claws  
  146  12:06  SCV x4  
  153  12:17  Sensor Tower  
  153  12:18  Siege Tank x2  
  153  12:19  Hellion  
  161  12:27  Hellion x3, Siege Tank  
  166  12:33  Hellion, Siege Tank  
  157  12:38  Hellion, Siege Tank  
  157  12:44  Hellion  
  158  12:50  Siege Tank  
  161  12:54  Siege Tank, Command Center  
  164  13:01  Hellion x4  
  164  13:02  Hellion  
  164  13:10  Thor x2  
  164  13:11  Hellion x3  
  182  13:21  Command Center  
  170  13:35  Cyclone x2  
  176  13:47  Hellion x4  
  178  13:53  Terran Vehicle Weapons Level 3, Terran Vehicle And Ship Armor Level 3  
  174  14:14  Thor x2  
  174  14:16  Refinery x2  
  186  14:23  Thor x2  
  198  14:27  Planetary Fortress  
  198  14:34  Missile Turret, Sensor Tower  
  196  15:19  Liberator x2  
  196  15:21  Command Center  
  196  15:23  Command Center  
  153  15:33  Thor x2, Siege Tank x2  
  153  15:34  Siege Tank  
  153  15:35  Hellion x3  
  180  15:36  Hellion x2  
  180  15:41  Hellion x3  
  189  15:56  Hellion  
  179  15:59  Hellion x2  
  183  16:05  Thor x2, Hellion x2  
  195  16:16  Thor x3  
  147  16:29  Hellion x2  
  151  16:33  Planetary Fortress  
Tags
 
Add a new tag
Caveats
  • Supply blocks, unpowered buildings, or Contaminate may cause inaccurate times.
  • Supply counts are checked every 10 seconds.